 Dungeon Crawl Stone Soup version 0.29-a0-330-g52719c12eb (webtiles) character file.

Game seed: 14012166482146736949

1476 kae the Firebug (level 8, -1/57 HPs)
             Began as a Demigod Fire Elementalist on Apr 25, 2022.
             Killed from afar by a steam dragon (22 damage)
             ... with a ball of steam
             ... on level 6 of the Dungeon.
             The game lasted 00:06:40 (8810 turns).

kae the Firebug (Demigod Fire Elementalist)         Turns: 8810, Time: 00:06:40

Health: -1/57      AC:  8    Str:  9    XL:     8   Next: 25%
Magic:  14/19      EV: 12    Int: 25    God:
Gold:   149        SH:  0    Dex: 14    Spells: 8/17 levels left

rFire   . . .      SeeInvis +   h - +0 long sword
rCold   . . .      Faith    .   (no shield)
rNeg    . . .      Spirit   .   a - +0 robe
rPois   +          Reflect  .   e - +0 helmet {SInv}
rElec   .          Harm     .   (no cloak)
rCorr   .          Rampage  .   x - +0 pair of gloves
Will    .....                   (no boots)
Stlth   ++........              (no amulet)
HPRegen 0.19/turn               A - ring of poison resistance
MPRegen 0.16/turn               s - +4 ring of protection

@: no status effects
A: high MP 1, forlorn, divine attributes
a: no special abilities


You were on level 6 of the Dungeon.
You visited 1 branch of the dungeon, and saw 6 of its levels.
You also visited: Ossuary.

You collected 359 gold pieces.
You spent 210 gold pieces at shops.

Inventory:

Hand Weapons
 f - a +0 club
 h - a +0 long sword (weapon)
 u - a +2 short sword of draining
Armour
 a - a +0 robe (worn)
 e - a +0 helmet of see invisible (worn)
 x - a +0 pair of gloves (worn)
Jewellery
 n - a ring of flight
 s - a +4 ring of protection (right hand)
 A - a ring of poison resistance (left hand)
Wands
 v - a wand of acid (6)
Scrolls
 c - 2 scrolls of vulnerability {unknown}
 d - 6 scrolls of teleportation {unknown}
 i - 3 scrolls of noise
 j - 3 scrolls of blinking {unknown}
 l - 2 scrolls of amnesia {unknown}
 m - a scroll of fear {unknown}
 p - a scroll of summoning {unknown}
 r - 2 scrolls of enchant armour {unknown}
Potions
 b - 2 potions of magic
 g - 2 potions of mutation
 k - 5 potions of curing
 q - a potion of degeneration
 t - 2 potions of ambrosia
 w - a potion of attraction
 z - 3 potions of brilliance
 B - 2 potions of might
 C - 2 potions of lignification
 D - 2 potions of flight
 E - a potion of heal wounds
 F - a potion of haste {unknown}


   Skills:
 - Level 1.7 Dodging
 - Level 1.7 Stealth
 + Level 5.3 Spellcasting
 + Level 5.5 Conjurations
 + Level 6.2 Fire Magic


You had 8 spell levels left.
You knew the following spells:

 Your Spells              Type           Power      Damage    Failure   Level
a - Foxfire               Conj/Fire      100%       2x1d9     1%          1
b - Scorch                Fire           74%        2d8       1%          2
c - Conjure Flame         Conj/Fire      36%        6-21      2%          3
d - Inner Flame           Hex/Fire       22%        N/A       7%          3

Your spell library contained the following spells:

 Spells                   Type           Power      Damage    Failure   Level
 Flame Wave               Conj/Fire      36%        2d9       7%          4
 Petrify                  Tmut/Erth      6%         N/A       61%         4
 Metabolic Englaciation   Hex/Ice        3%         N/A       91%         5
 Statue Form              Tmut/Erth      4%         N/A       100%        6


Dungeon Overview and Level Annotations

Branches:
Dungeon (6/15)             Temple (0/1) D:4         Ossuary (visited)

Shops:
D:2 ?   D:6 *

Annotations:
D:5 Pikel


Innate Abilities, Weirdness & Mutations

You have an increased reservoir of magic. (+10% MP)
You shall have no god before yourself.
Your divine heritage dramatically boosts your attributes as you level up.


Message History

Casting: Foxfire (safe; 1% risk of failure)
Confirm with . or Enter, or press ? or * to list all spells.
You conjure some foxfire!
The steam dragon breathes steam at you. The ball of steam hits you!
You are engulfed in a cloud of scalding steam.
The foxfire hits the steam dragon but does no damage.
The steam dragon is severely wounded.
The foxfire hits the steam dragon but does no damage.
The steam dragon is severely wounded.
You're standing in a cloud of steam!
You're standing in a cloud of steam!
Casting: Foxfire (safe; 1% risk of failure)
Confirm with . or Enter, or press ? or * to list all spells.
You conjure some foxfire!
You are engulfed in a cloud of scalding steam.
The foxfire hits the steam dragon but does no damage.
The steam dragon is severely wounded.
You are engulfed in a cloud of scalding steam.
The foxfire hits the steam dragon.
The steam dragon is almost dead.
A steam dragon is nearby!
Casting: Foxfire (safe; 1% risk of failure)
Confirm with . or Enter, or press ? or * to list all spells.
You conjure some foxfire!
The steam dragon bites you. The steam dragon closely misses you.
The foxfire hits the steam dragon but does no damage.
The steam dragon is almost dead.
The foxfire hits the steam dragon but does no damage.
The steam dragon is almost dead.
The steam dragon closely misses you.
The steam dragon claws you but does no damage.
A steam dragon is nearby!
A steam dragon is nearby!
Casting: Foxfire (safe; 1% risk of failure)
Confirm with . or Enter, or press ? or * to list all spells.
You conjure some foxfire!
The steam dragon breathes steam at you. The ball of steam hits you!!
You die...

,,,*#)....#,...#,,,,,,,*,,,,,*,**
###*#'...##*...#.......#,,,,,****
...##..#..##...#.......#,,,**,*,,
......###......#.......#*+***,***
...).##.#'.....#.......#,,,,,,,,,
....##...##....#(......#,,,,,,,,,
.....##.##.....#....)..#,,,,,,,,,
####).###..#...#D......#,,,******
..###..#..##...#@v.....#,,,**,,,,
...............#.v.....#,,,**,,,,
...............#.......#,,,*,,,,,
...............#.......#,,,*,,,,,
...............#.......#,,,*,,,,,
...............#.......#,,,*,,,,,
...............#.......#,,,*,,,,,
...............#.......#*******,,
..##.####.######.......# *,,


You could see a steam dragon (catching breath, ally target).

Vanquished Creatures
  A sky beast (D:4)
  An ice beast (D:6)
  A black bear (D:5)
  2 ogres (D:6)
  3 scorpions
  5 water moccasin zombies (Ossuary)
  A hound (D:6)
  An orc priest (D:3)
  A gnoll shaman (D:6)
  An iguana (D:4)
  Natasha (thrice) (D:3)
  An orc wizard (D:5)
  2 mummies (Ossuary)
  Robin (D:2)
  5 gnolls
  10 adders
  4 shadow imps (D:5)
  3 ufetubi
  2 adder zombies (Ossuary)
  A worm (D:1)
  2 dart slugs
  12 orcs
  5 bats
  14 endoplasms
  2 giant cockroaches
  3 gnoll zombies (Ossuary)
  13 goblins
  5 hobgoblins
  8 jackals
  4 kobolds
  7 quokkas
  4 ball pythons
  17 frilled lizards
  3 hobgoblin zombies (Ossuary)
  4 kobold zombies (Ossuary)
  3 orc zombies (Ossuary)
  8 rats
163 creatures vanquished.

Vanquished Creatures (others)
  458 foxfires
  5 plants (D:3)
463 creatures vanquished.

Grand Total: 626 creatures vanquished

Notes
Turn   | Place    | Note
-------+----------+-------------------------------------------
     0 | D:1      | kae the Demigod Fire Elementalist began the quest for the
                  | Orb.
     0 | D:1      | Reached XP level 1. HP: 14/14 MP: 5/5
    50 | D:1      | Reached skill level 1 in Conjurations
   371 | D:1      | Reached XP level 2. HP: 20/20 MP: 0/7
   505 | D:1      | Reached skill level 3 in Fire Magic
  1125 | D:1      | Learned a level 2 spell: Scorch
  1409 | D:2      | Reached XP level 3. HP: 26/26 MP: 7/9
  1828 | D:2      | Learned a level 3 spell: Conjure Flame
  2061 | D:2      | Found Minliy's Magic Scroll Emporium.
  2069 | D:2      | Bought a scroll of identify for 26 gold pieces
  2069 | D:2      | Bought a scroll of magic mapping for 45 gold pieces
  2069 | D:2      | Bought a scroll of noise for 13 gold pieces
  2339 | D:2      | Noticed Robin
  2345 | D:2      | Killed Robin
  2346 | D:2      | Reached XP level 4. HP: 33/33 MP: 3/10
  3842 | D:3      | Noticed Natasha
  3850 | D:3      | Killed Natasha
  3851 | D:3      | Reached XP level 5. HP: 29/38 MP: 8/12
  4545 | D:4      | Reached skill level 4 in Fire Magic
  5196 | D:4      | Noticed a sky beast
  5302 | D:3      | Noticed Natasha
  5308 | D:3      | Killed Natasha
  5771 | D:3      | Noticed Natasha
  5776 | D:3      | Killed Natasha
  6114 | D:4      | Killed a sky beast
  6115 | D:4      | Reached XP level 6. HP: 45/45 MP: 4/14
  6314 | D:4      | Learned a level 3 spell: Inner Flame
  6834 | D:4      | Found a staircase to the Ecumenical Temple.
  6877 | D:5      | Entered Level 5 of the Dungeon
  7126 | D:5      | Reached XP level 7. HP: 50/50 MP: 10/16
  7308 | D:5      | Noticed Pikel
  7329 | D:5      | Reached skill level 5 in Fire Magic
  7810 | D:6      | Found Xoje's Assorted Antiques.
  7815 | D:6      | Bought a brown potion for 19 gold pieces
  7815 | D:6      | Bought a glowing golden potion for 19 gold pieces
  7815 | D:6      | Bought a scroll of identify for 44 gold pieces
  7815 | D:6      | Bought a scroll of identify for 44 gold pieces
  7943 | D:6      | Found a sand-covered staircase.
  7964 | Ossuary  | Entered an ossuary
  8161 | Ossuary  | Reached skill level 5 in Conjurations
  8274 | Ossuary  | Reached skill level 5 in Spellcasting
  8274 | Ossuary  | Reached XP level 8. HP: 45/57 MP: 7/19
  8419 | Ossuary  | Reached skill level 6 in Fire Magic
  8810 | D:6      | Killed from afar by a steam dragon

Illustrated notes

Levels and vault maps discovered:
D:1:      lightli_arrival_maybe_door_vault, layout_basic, minmay_fountain_box,
          minivault_5
D:2:      layout_rooms, basic_altar, dilly_ecumenical_altar_fadedgnrine,
          serial_shops, shop, minmay_pentomino_z4, uniq_robin
D:3:      layout_loops_corners, grunt_decor_fettered, minmay_lizard_king,
          uniq_natasha
D:4:      layout_basic, minmay_temple_entry_nine_rooms, st_stairs_11,
          minmay_fractal_squares_gapless_5
D:5:      layout_rooms, pdpol_wu_jian_five_deadly_venoms,
          grunt_temple_overflow_forces_of_nature, nrook_mini_backslash,
          uniq_pikel
D:6:      layout_gridville, grunt_gozag_breadcrumbs, serial_shops,
          nicolae_shop_hallway_stairs, enter_ossuary_5, gammafunk_ghost_grave

Skill      XL: |  1  2  3  4  5  6  7  8 |
---------------+-------------------------+-----
Conjurations   | 1 2 3 4 5 |  5.5
Spellcasting   | 2 3 4 5 |  5.3
Fire Magic     | 3 4 5 6 |  6.2
Dodging        | |  1.7
Stealth        | |  1.7

Action                   |  1- 3 |  4- 6 |  7- 9 || total
-------------------------+-------+-------+-------++-------
Melee: Long sword        |    13 |    29 |    29 ||    71
       Unarmed           |     1 |       |       ||     1
 Cast: Foxfire           |    80 |   106 |    86 ||   272
       Scorch            |     5 |    46 |    15 ||    66
       Conjure Flame     |       |     1 |     3 ||     4
       Inner Flame       |       |       |     2 ||     2
  Use: Scroll            |       |     3 |     9 ||    12
 Stab: Sleeping          |     1 |       |       ||     1
Armor: Robe              |    16 |    34 |    38 ||    88
Dodge: Dodged            |    57 |   103 |    58 ||   218

Table legend: (Time is in decaauts)
 A = Elapsed time spent in this place.
 B = Non-inter-level travel time spent in this place.
 C = Inter-level travel time spent in this place.
 D = Time resting spent in this place.
 E = Time spent auto-exploring this place.
 F = Levels seen in this place.
 G = Mean time per level.
                   A        B        C        D        E       F      G
               +--------+--------+--------+--------+--------+-----+--------+
         Total |   8855 |   8500 |    355 |    899 |   6246 |   7 | 1265.0 |
       Dungeon |   8225 |   7870 |    355 |    861 |   5799 |   6 | 1370.8 |
       Ossuary |    629 |    629 |      0 |     38 |    447 |   1 |  629.0 |
               +--------+--------+--------+--------+--------+-----+--------+

Top non-repeatable levels by time:
     D:3: 2661 daAuts
     D:4: 1846 daAuts
     D:1: 1516 daAuts
     D:2: 1070 daAuts
     D:5: 750 daAuts
 Ossuary: 629 daAuts
     D:6: 381 daAuts
